 Dungeon Crawl Stone Soup version 0.20.0-15-g7f486f2 (webtiles) character file.

532 Chiseanne the Magician (level 7, 13/69 HPs)
             Began as a Demonspawn Wizard on June 15, 2017.
             Was an Initiate of Vehumet.
             Quit the game on level 4 of the Dungeon.
             The game lasted 00:09:36 (5334 turns).

Chiseanne the Magician (Demonspawn Wizard)          Turns: 5334, Time: 00:09:37

Health: 13/69      AC:  5    Str: 13    XL:     7   Next: 3%
Magic:  2/15       EV: 12    Int: 21    God:    Vehumet [......]
Gold:   300        SH:  0    Dex: 11    Spells: 8/17 levels left

rFire    . . .     SeeInvis .   a - +1 hand axe
rCold    . . .     Gourm    +   (no shield)
rNeg     . . .     Faith    .   e - +0 robe
rPois    .         Spirit   .   b - +0 hat
rElec    .         Reflect  .   f - +0 cloak (curse)
rCorr    .         Harm     .   (no gloves)
MR       .....                  (no boots)
Stlth    ..........             c - amulet of the gourmand
Regen    0.3/turn               (no ring)
MPRegen  0.2/turn               (no ring)

@: berserking, very quick
A: antennae 1, slimy green scales 1, powered by pain 1
a: Renounce Religion


You were on level 4 of the Dungeon.
You worshipped Vehumet.
Vehumet was noncommittal.
You were completely stuffed.

You visited 1 branch of the dungeon, and saw 4 of its levels.

You collected 300 gold pieces.

Inventory:

Hand Weapons
 a - a +1 hand axe (weapon)
Missiles
 k - 20 sling bullets
 l - 286 stones (quivered)
 n - 40 bolts
 o - 28 poisoned needles
 r - 3 tomahawks
 s - 32 arrows
 v - a throwing net
 A - 6 javelins
Armour
 b - a +0 hat (worn)
 e - a +0 robe (worn)
 f - a cursed +0 cloak (worn)
 t - a +2 buckler
 w - a +0 animal skin
Jewellery
 c - an amulet of the gourmand (around neck)
Wands
 i - a wand of random effects (16/48)
 y - a wand of clouds (0/9)
Scrolls
 g - a scroll of fear
 x - a scroll of magic mapping
 B - a scroll of immolation
 C - 2 scrolls of fog
 D - a scroll of remove curse
 E - a scroll of identify
Potions
 j - 2 potions of haste
 m - a potion of brilliance
 q - a potion of might
 u - a potion of mutation
Comestibles
 d - 5 bread rations
 z - a fruit
 F - 4 chunks of flesh


   Skills:
 - Level 1.7 Dodging
 - Level 1.7 Stealth
 * Level 5.7 Spellcasting
 * Level 5.2 Conjurations
   Level 1.0 Summonings
 - Level 0.8 Translocations


You had 8 spell levels left.
You knew the following spells:

 Your Spells              Type           Power        Failure   Level  Hunger
a - Magic Dart            Conj           ####         1%          1    None
b - Blink                 Tloc           N/A          11%         2    None
c - Conjure Flame         Conj/Fire      ###.....     11%         3    ##.....
d - Mephitic Cloud        Conj/Pois/Air  ##......     14%         3    ##.....


Dungeon Overview and Level Annotations

Branches:
Dungeon (4/15)
 Temple: D:4-7

Altars:
Fedhas
Sif Muna
Trog
Vehumet


Innate Abilities, Weirdness & Mutations

You have a pair of small antennae on your head.
You are partially covered in slimy green scales. (AC +2)
You sometimes gain a little power by taking damage.


Message History

Evoking this partially-identified wand wasted a few charges.
You feel sick. Something bites you.
* * * LOW HITPOINT WARNING * * *
Something bites you.
* * * LOW HITPOINT WARNING * * *
Your magical contamination has completely faded away.
You feel better. Something bites you.
* * * LOW HITPOINT WARNING * * *
A red film seems to cover your vision as you go berserk!
You feel yourself moving faster!
You feel mighty! Something bites you.
* * * LOW HITPOINT WARNING * * *
You slash something! Vehumet accepts your kill.
Reactivating autopickup.
Your Conjurations skill increases to level 5!
You have reached level 7!
Your demonic ancestry asserts itself...
A pair of antennae grows on your head!
You feel a bit more experienced.
Are you sure you want to abandon this character and quit the game? (Confirm with "yes".)

######.# ##.##.#
#......# #.....# ....
######## #...### ....
#.#...# .... #####
##.###.. #..
##...####...# ###
#.§#####..........##
####.§§§##.........##
#....§..§.@.......#
.####§§##.......#####
##.)............###
#####.....####...####
#.......# ###.....
#.......# ###...
#...)...# #....
##.....## #....
##...## #....


There were no monsters in sight!

Vanquished Creatures
  A water moccasin (D:4)
  An ogre (D:4)
  A scorpion (D:4)
  Natasha (thrice) (D:2)
  A gnoll (D:1)
  10 adders
  2 oozes
  5 worms
  4 dart slugs
  3 leopard geckos
  9 orcs
  5 giant cockroaches
  14 goblins
  10 hobgoblins
  6 jackals (D:3)
  8 kobolds
  3 quokkas
  2 ball pythons
  8 bats
  2 frilled lizards
  8 rats
  A plant (D:2)
107 creatures vanquished.

Notes
Turn   | Place    | Note
-------+----------+-------------------------------------------
     0 | D:1      | Chiseanne the Demonspawn Wizard began the quest for the Orb.
     0 | D:1      | Reached XP level 1. HP: 13/13 MP: 4/4
     2 | D:1      | Noticed a halfling
     2 | D:1      | Noticed a draconian
     4 | D:1      | Noticed an ogre
     4 | D:1      | Noticed a centaur
     6 | D:1      | Noticed a formicid
     6 | D:1      | Noticed a troll
     8 | D:1      | Noticed a felid
     8 | D:1      | Noticed a merfolk
    10 | D:1      | Noticed a naga
    10 | D:1      | Noticed a tengu
    12 | D:1      | Noticed a demigod
    14 | D:1      | Noticed a minotaur
    14 | D:1      | Noticed a vine stalker
    16 | D:1      | Noticed a gargoyle
    18 | D:1      | Noticed a spriggan
    18 | D:1      | Noticed a demonspawn
    20 | D:1      | Noticed an elf
    20 | D:1      | Noticed a vampire
    22 | D:1      | Noticed a ghoul
    24 | D:1      | Noticed a human
    24 | D:1      | Noticed a dwarf
    26 | D:1      | Noticed an octopode
   241 | D:1      | Gained mutation: You sometimes gain a little power by taking damage. [demonic ancestry]
   241 | D:1      | Reached XP level 2. HP: 18/19 MP: 0/6
   786 | D:1      | Gained mutation: You are partially covered in slimy green scales. (AC +2) [demonic ancestry]
   786 | D:1      | Reached XP level 3. HP: 24/24 MP: 2/7
  1589 | D:2      | Reached XP level 4. HP: 30/30 MP: 3/9
  1650 | D:2      | Learned a level 2 spell: Blink
  1654 | D:2      | Learned a level 3 spell: Conjure Flame
  1658 | D:2      | Learned a level 3 spell: Mephitic Cloud
  1976 | D:2      | Noticed Natasha
  1983 | D:2      | Killed Natasha
  1999 | D:2      | Noticed Natasha
  2078 | D:2      | Killed Natasha
  2078 | D:2      | Reached XP level 5. HP: 35/35 MP: 2/11
  2199 | D:2      | Found a bloodstained altar of Trog.
  3012 | D:2      | Noticed Natasha
  3020 | D:2      | Killed Natasha
  4043 | D:3      | Reached XP level 6. HP: 41/41 MP: 9/13
  4189 | D:3      | Found a radiant altar of Vehumet.
  4205 | D:3      | Became a worshipper of Vehumet
  4344 | D:3      | Reached skill level 5 in Spellcasting
  4458 | D:3      | Found a faded altar of an unknown god.
  4703 | D:3      | Found a blossoming altar of Fedhas.
  4708 | D:3      | Found a deep blue altar of Sif Muna.
  4832 | D:4      | HP: 2/41 [poisoned by a scorpion]
  5319 | D:4      | Noticed a water moccasin
  5333 | D:4      | Killed a water moccasin
  5333 | D:4      | Reached skill level 5 in Conjurations
  5333 | D:4      | Gained mutation: You have a pair of small antennae on your head. [demonic ancestry]
  5333 | D:4      | Reached XP level 7. HP: 13/46 MP: 2/15
  5334 | D:4      | Quit the game

Skill      XL: |  1  2  3  4  5  6 |
---------------+-------------------+-----
Conjurations   | 2 3 4 5 |  5.2
Spellcasting   | 4 5 |  5.7
Dodging        | |  1.7
Stealth        | |  1.7
Summonings     | |  1.0
Translocations | |  0.8

Action                   |  1- 3 |  4- 6 |  7- 9 || total
-------------------------+-------+-------+-------++-------
Melee: Hand axe          |    31 |    52 |       ||    83
 Cast: Magic Dart        |    79 |   211 |       ||   290
       Mephitic Cloud    |       |     5 |       ||     5
Evoke: Wand              |       |     5 |       ||     5
  Use: Scroll            |    10 |     6 |       ||    16
       Potion            |       |     2 |       ||     2
  Eat: Chunk             |     2 |    21 |       ||    23
       Royal jelly       |       |     1 |       ||     1
Armor: Robe              |     9 |    20 |       ||    29
Dodge: Dodged            |    34 |    73 |       ||   107
